 Dungeon Crawl Stone Soup version 0.20.1-1-g8b1a95d (webtiles) character file.

96 frd the Conjurer (level 4, 0/27 HPs)
             Began as an Octopode Conjurer on June 30, 2017.
             Was a Believer of Cheibriados.
             Slain by an adder (3 damage)
             ... on level 2 of the Dungeon on July 5, 2017.
             The game lasted 00:23:47 (2386 turns).

frd the Conjurer (Octopode Conjurer)                Turns: 2386, Time: 00:23:48

Health: 0/27       AC:  1    Str: 12    XL:     4   Next: 67%
Magic:  3/8        EV: 14    Int: 23    God:    Cheibriados [**....]
Gold:   85         SH:  0    Dex: 17    Spells: 7/8 levels left

rFire    . . .     SeeInvis .   k - +0 whip
rCold    . . .     Gourm    .   (no shield)
rNeg     . . .     Faith    .   (helmet restricted)
rPois    .         Spirit   .   (no amulet)
rElec    .         Reflect  .   (no ring)
rCorr    .         Harm     .   (no ring)
MR       .....                  (no ring)
Stlth    ++++......             (no ring)
Regen    0.1/turn               (no ring)
MPRegen  0.2/turn               (no ring)
                                (no ring)
                                (no ring)

@: lethally poisoned (0 -> -3), very slightly contaminated, very slow
A: almost no armour, stealthy swim, amphibious, 8 rings, constrict 8, camouflage
1, gelatinous body 1
a: Bend Time, Renounce Religion


You were on level 2 of the Dungeon.
You worshipped Cheibriados.
Cheibriados was pleased with you.
You were not hungry.

You visited 1 branch of the dungeon, and saw 2 of its levels.

You collected 85 gold pieces.

Inventory:

Hand Weapons
 e - a +0 short sword
 h - a +0 whip
 k - a +0 whip (weapon)
Missiles
 d - 79 stones (quivered)
Jewellery
 g - an uncursed ring of magical power {unknown}
 m - a +6 ring of dexterity {unknown}
Scrolls
 c - a scroll of amnesia {unknown}
 f - a scroll of remove curse {unknown}
 i - a scroll of random uselessness {unknown}
 l - a scroll of noise {unknown}
 n - a scroll of immolation {unknown}
 o - a scroll of identify {unknown}
 p - a scroll of enchant weapon {unknown}
Potions
 j - a potion of flight {unknown}
 q - 2 potions of haste {unknown}
 r - 2 potions of curing {unknown}
Books
 a - a book of Conjurations

   Spells                             Type                      Level
   a - Magic Dart                     Conjuration                  1
   b - Searing Ray                    Conjuration                  2
   c - Dazzling Spray                 Conjuration/Hexes            3
   d - Fulminant Prism                Conjuration/Hexes            4
   e - Force Lance                    Conjuration/Translocation    4
   f - Iskenderun's Mystic Blast      Conjuration                  4
Comestibles
 b - 2 bread rations


   Skills:
 + Level 2.4 Dodging
 + Level 3.8 Stealth
 * Level 2.7 Spellcasting
 * Level 4.8 Conjurations


You had 7 spell levels left.
You knew the following spells:

 Your Spells              Type           Power        Failure   Level  Hunger
a - Magic Dart            Conj           ####         1%          1    None


Dungeon Overview and Level Annotations

Branches:
Dungeon (2/15)

Altars:
Cheibriados


Innate Abilities, Weirdness & Mutations

You cannot wear most types of armour.
You are very stealthy in the water. (Stealth+)
You are amphibious.
You can wear up to eight rings at the same time.
You can use your tentacles to constrict eight enemies at once.
Your skin changes colour to match your surroundings (Stealth+).
Your rubbery body absorbs attacks. (AC +1, EV +1)


Message History

Throwing (i - inventory):
d - 81 stones (quivered)
Press: ? - help, Shift-Dir - straight line, f/p - adder
Aim: an adder (moderately wounded)
You throw a stone.
The stone hits the adder but does no damage.
The adder is moderately wounded.
The adder barely misses you. The adder misses you.
Throwing (i - inventory):
d - 80 stones (quivered)
Press: ? - help, Shift-Dir - straight line, f/p - adder
Aim: an adder (moderately wounded)
You throw a stone. The stone closely misses the adder.
You feel sick. The adder bites you.
* * * LOW HITPOINT WARNING * * *
You are more poisoned.
The adder poisons you! The adder barely misses you.
You feel sick. The adder bites you.
* * * LOW HITPOINT WARNING * * *
The adder bites you.
You die...

########### #!........#
#.........# #(.(......#
#####.....# ######S#...#
###.....@....#
.......#>....#
.......#..#.##
............# .####
............##. .....
................ .....
............##.# .....
.........#.## '# #..##
#......#..#.##............


You could see an adder.

Vanquished Creatures
  A gnoll (D:1)
  4 adders (D:2)
  2 leopard geckos (D:1)
  7 bats
  4 giant cockroaches
  5 goblins
  2 hobgoblins (D:1)
  7 jackals (D:2)
  10 kobolds
  A frilled lizard (D:2)
  4 rats (D:1)
47 creatures vanquished.

Notes
Turn   | Place    | Note
-------+----------+-------------------------------------------
     0 | D:1      | frd the Octopode Conjurer began the quest for the Orb.
     0 | D:1      | Reached XP level 1. HP: 11/11 MP: 3/3
     7 | D:1      | Found a snail-covered altar of Cheibriados.
    15 | D:1      | Became a worshipper of Cheibriados the Contemplative
   714 | D:1      | Reached XP level 2. HP: 17/17 MP: 1/5
  1013 | D:1      | Reached * piety under Cheibriados
  1221 | D:1      | Reached XP level 3. HP: 21/21 MP: 2/6
  1461 | D:1      | Upgraded the game from 0.20.0-15-g7f486f2 to 0.20.1-1-g8b1a95d
  1836 | D:2      | Reached XP level 4. HP: 27/27 MP: 3/7
  1852 | D:2      | Reached ** piety under Cheibriados
  2386 | D:2      | Slain by an adder

Skill      XL: |  1  2 |
---------------+-------+-----
Stealth        | 3 |  3.8
Dodging        | |  2.4
Spellcasting   | |  2.7
Conjurations   | |  4.8

Action                   |  1- 3 |  4- 6 || total
-------------------------+-------+-------++-------
Melee: Unarmed           |     3 |       ||     3
       Constrict         |     4 |       ||     4
       Tentacles         |     3 |       ||     3
       Whip              |    10 |     1 ||    11
Throw: Stone             |    12 |     5 ||    17
 Cast: Magic Dart        |    66 |    25 ||    91
  Eat: Chunk             |     2 |     1 ||     3
Armor: Skin              |     8 |       ||     8
Dodge: Dodged            |    47 |    11 ||    58
